 Dungeon Crawl Stone Soup version 0.23-b1-84-g6588a6b (webtiles) character file.

Game seed: 4650077657260306213

128 Grisildor the Shield-Bearer (level 4, 0/41 HPs)
             Began as a Minotaur Fighter on Feb 9, 2019.
             Succumbed to a worker ant's poison
             ... on level 3 of the Dungeon.
             The game lasted 00:07:43 (1565 turns).

Grisildor the Shield-Bearer (Minotaur Fighter)      Turns: 1565, Time: 00:07:47

Health: 0/41       AC:  7    Str: 21    XL:     4   Next: 86%
Magic:  3/3        EV:  7    Int:  5    God:
Gold:   103        SH:  9    Dex: 10    Spells: 3/3 levels left

rFire    + . .     SeeInvis .   a - +0 long sword
rCold    x . .     Gourm    .   c - +0 shield
rNeg     . . .     Faith    .   w - +0 scale mail
rPois    .         Spirit   .   (helmet restricted)
rElec    .         Reflect  .   (no cloak)
rCorr    .         Harm     .   (no gloves)
MR       .....                  (no boots)
Stlth    ..........             y - amulet of regeneration
HPRegen  0.53/turn              x - ring of fire
MPRegen  0.08/turn              (no ring)

@: lethally poisoned (0 -> -3)
A: retaliatory headbutt, horns 2
a: no special abilities


You were on level 3 of the Dungeon.
You were not hungry.

You visited 1 branch of the dungeon, and saw 4 of its levels.

You collected 103 gold pieces.

Inventory:

Hand Weapons
 a - a +0 long sword (weapon)
 g - a +0 whip
 j - a cursed -2 spear
 p - a +0 spear
 u - a cursed -2 hand axe
Armour
 b - a +0 scale mail
 c - a +0 shield (worn)
 s - a cursed +0 centaur barding
 w - a +0 scale mail (worn)
Jewellery
 x - a ring of fire (left hand)
 y - an amulet of regeneration (around neck)
Scrolls
 e - a scroll of blinking {unknown}
 h - a scroll of remove curse {unknown}
 i - 4 scrolls of identify {unknown}
 k - a scroll of fog {unknown}
 n - a scroll of teleportation {unknown}
 o - a scroll of noise {unknown}
 q - a scroll of enchant armour {unknown}
 t - a scroll of amnesia {unknown}
Potions
 d - a potion of might
 l - 2 potions of heal wounds {unknown}
 m - 2 potions of curing {unknown}
 r - a potion of haste {unknown}
 v - a potion of flight {unknown}
 z - a potion of degeneration {unknown}
Comestibles
 f - 3 rations


   Skills:
 + Level 4.5 Fighting
 + Level 3.4 Long Blades
 + Level 4.5 Armour
 + Level 0.5 Dodging
 + Level 4.8 Shields


You had 3 spell levels left.
You didn't know any spells.
Your spell library was empty.

Dungeon Overview and Level Annotations

Branches:
Dungeon (4/15)
 Temple: D:4-7

Altars:
Trog


Innate Abilities, Weirdness & Mutations

You reflexively headbutt those who attack you in melee.
You have a pair of horns on your head.


Message History

* * * LOW HITPOINT WARNING * * *
You are lethally poisoned!
The worker ant poisons you!
* * * LOW HITPOINT WARNING * * *
You feel sick.
The jackal bites you but does no damage.
The jackal bites you.
* * * LOW HITPOINT WARNING * * *
* * * LOW HITPOINT WARNING * * *
You feel sick.
The worker ant bites you but does no damage.
There is a stone staircase leading up here.
You can't go down here!
* * * LOW HITPOINT WARNING * * *
You feel sick. The jackal barely misses you. You furiously retaliate!
You headbutt the jackal!
You kill the jackal!
The worker ant bites you but does no damage.
You climb upwards.
You die...

############.....##
#........###.....#######
#........##.......#.....##
#........##.......#.# #..## #
#...................####).#######
#........#............(.#.##.....
#........#............(..........
.....#.............######..######
###†)..##.>##...@#########....###
###...###..###..a.......#...#....
......###..##..#..##............#
..............................#.#
..##..##..###.###.#...........#.#
####<..#...... #.#...........#..
# #.#....#######.##.........###.
#†#....# #................#.
#.#....#####......#..####.#.#.


You could see a worker ant.

Vanquished Creatures
  Terence (D:3)
  6 adders
  A worm (D:3)
  2 leopard geckos
  4 bats
  3 giant cockroaches
  5 goblins
  2 hobgoblins
  2 jackals (D:4)
  3 quokkas
  3 ball pythons
  6 frilled lizards
  4 kobolds
  6 rats
  2 plants (D:3)
50 creatures vanquished.

Notes
Turn   | Place    | Note
-------+----------+-------------------------------------------
     0 | D:1      | Grisildor the Minotaur Fighter began the quest for the Orb.
     0 | D:1      | Reached XP level 1. HP: 19/19 MP: 0/0
   237 | D:1      | Reached XP level 2. HP: 22/27 MP: 1/1
   586 | D:2      | Reached XP level 3. HP: 30/33 MP: 2/2
   707 | D:2      | You fall through a shaft!
   843 | D:3      | Noticed Terence
   857 | D:3      | Killed Terence
   857 | D:3      | Reached XP level 4. HP: 38/41 MP: 3/3
  1469 | D:3      | Found a bloodstained altar of Trog.
  1555 | D:4      | Noticed an ogre
  1562 | D:4      | HP: 2/41 [jackal (3)]
  1565 | D:3      | Succumbed to a worker ant's poison

Skill      XL: |  1  2  3 |
---------------+----------+-----
Armour         | 4 |  4.5
Fighting       | 4 |  4.5
Shields        | 4 |  4.8
Long Blades    | 3 |  3.4
Dodging        | |  0.5

Action                   |  1- 3 |  4- 6 || total
-------------------------+-------+-------++-------
Melee: Long sword        |    81 |    81 ||   162
       Headbutt          |    10 |    28 ||    38
  Eat: Ration            |       |     1 ||     1
Armor: Scale mail        |    41 |    33 ||    74
Dodge: Dodged            |    26 |    22 ||    48
Block: Shield            |    54 |    29 ||    83
       Rpst.: Long sword |     6 |     5 ||    11
